 Dungeon Crawl Stone Soup version 0.27.1-34-g3ba077fa99 (webtiles) character file.

Game seed: 12742113585949358453

1033 zeram the Nimble (level 8, -1/36 HPs)
             Began as a Spriggan Conjurer on Jan 2, 2022.
             Was an Initiate of Gozag.
             Slain by a hornet zombie (12 damage)
             ... on level 5 of the Dungeon.
             The game lasted 00:09:34 (6225 turns).

zeram the Nimble (Spriggan Conjurer)                Turns: 6225, Time: 00:09:34

Health: -1/36      AC:  2    Str:  9    XL:     8   Next: 3%
Magic:  1/18       EV: 20    Int: 22    God:    Gozag
Gold:   295        SH:  0    Dex: 13    Spells: 14/20 levels left

rFire    . . .     SeeInvis +   c - +1 dagger
rCold    + . .     Faith    .   (shield restricted)
rNeg     . . .     Spirit   .   a - +0 robe
rPois    .         Reflect  .   (helmet restricted)
rElec    .         Harm     .   (no cloak)
rCorr    .         Rampage  .   (gloves unavailable)
Will     +....                  (boots unavailable)
Stlth    ++........             (no amulet)
HPRegen  0.12/turn              d - ring of protection from cold
MPRegen  0.16/turn              e - +6 ring of strength

@: very quick
A: very small, no large weapons, unfitting armour, see invisible, speed 3
a: Renounce Religion, Potion Petition, Call Merchant, Bribe Branch


You were on level 5 of the Dungeon.
You worshipped Gozag.
Gozag was aware of your devotion.
You visited 1 branch of the dungeon, and saw 5 of its levels.

You collected 331 gold pieces.
You paid 36 gold pieces to Gozag.

Inventory:

Hand Weapons
 c - a +1 dagger (weapon)
Missiles
 h - 48 poisoned darts
Armour
 a - a +0 robe (worn)
Jewellery
 d - a ring of protection from cold (left hand)
 e - a +6 ring of strength (right hand)
 l - a ring of magical power
 n - a ring of ice
Wands
 o - a wand of charming (7)
 r - a wand of flame (10)
Scrolls
 j - a scroll of amnesia
 m - a scroll of fear {unknown}
 p - a scroll of identify {unknown}
Potions
 b - a potion of might {unknown}
 f - a potion of berserk rage {unknown}
 g - 4 potions of curing {unknown}
 i - a potion of brilliance {unknown}
 k - 3 potions of degeneration {unknown}
 q - 2 potions of attraction {unknown}


   Skills:
 - Level 0.3 Short Blades
 * Level 8.0 Dodging
 - Level 3.0 Stealth
 + Level 6.5 Spellcasting
 + Level 5.0 Conjurations


You had 14 spell levels left.
You knew the following spells:

 Your Spells              Type           Power      Damage    Failure   Level
a - Magic Dart            Conj           100%       1d8       1%          1
b - Searing Ray           Conj           58%        3d5       1%          2
c - Dazzling Flash        Conj/Hex       36%        N/A       10%         3

Your spell library contained the following spells:

 Spells                   Type           Power      Damage    Failure   Level
 Sublimation of Blood     Necr           3%         N/A       13%         2
 Wereblood                Tmut           7%         N/A       13%         2
 Fulminant Prism          Conj/Hex       9%         3d7       30%         4
 Iskenderun's Mystic Bla  Conj/Tloc      18%        2d6       30%         4
 Summon Hydra             Summ           3%         N/A       100%        7


Dungeon Overview and Level Annotations

Branches:
Dungeon (5/15)
 Temple: D:4-7

Altars:
Cheibriados
Gozag
Nemelex Xobeh
Uskayaw
Vehumet

Annotations:
D:5 2 transporters


Innate Abilities, Weirdness & Mutations

You are very small and have problems with some larger weapons.
You are too small for most types of armour.
You have supernaturally acute eyesight. (SInv)
You cover ground extremely quickly. (Speed+++)


Message History

The hornet zombie is severely damaged.
The hornet zombie hits you.
The searing ray hits the hornet zombie!
The hornet zombie is almost destroyed.
The hornet zombie is distracted by your dazzling golden aura.
The ice beast is distracted by your dazzling golden aura.
Without enough magic to sustain it, your searing ray dissipates.
The hornet zombie is no longer distracted by gold.
The hornet zombie hits you. The hornet zombie barely misses you.
Casting: Searing Ray (safe; 1% risk of failure)
Confirm with . or Enter, or press ? or * to list all spells.
You don't have enough magic to cast this spell.
Unknown command.
Casting: Searing Ray (safe; 1% risk of failure)
Confirm with . or Enter, or press ? or * to list all spells.
You don't have enough magic to cast this spell.
Unknown command.
You hit the hornet zombie but do no damage.
The hornet zombie is almost destroyed.
The hornet zombie closely misses you.
You hit the hornet zombie.
The hornet zombie is almost destroyed.
The hornet zombie completely misses you.
You hit the hornet zombie but do no damage.
The hornet zombie is almost destroyed.
The hornet zombie barely misses you. The hornet zombie hits you!
You hit the hornet zombie but do no damage.
The hornet zombie is almost destroyed.
The ice beast is no longer distracted by gold.
An iguana comes into view.
The hornet zombie misses you.
The iguana hisses angrily.
You hit the hornet zombie.
The hornet zombie is almost destroyed.
The hornet zombie completely misses you.
You hit the hornet zombie but do no damage.
The hornet zombie is almost destroyed.
The hornet zombie hits you. The hornet zombie hits you!
You die...
Your body crumbles into a pile of gold.

#.# #.####.#.# #.[.#
#.# ###.......# ##..#
#.# ..........# #..#
#.# .##.......####...
#.# #.....).........
#.# #####
....###.....###
#.###...#######..#
#........
#.......'....(#..#
#........
#####...#####@...#
#.....###
#...##...Z.#.# #.....#
#)..##...$.$..........
#...##....###...##.####
######..#.#Y#.#.#
....l#.#....
#.#.........#
.....##.##...


You could see an ice beast, an iguana and a hornet zombie.

Vanquished Creatures
  Sigmund (D:2)
  A water moccasin (D:5)
  A sky beast (D:3)
  2 necrophages
  An ogre (D:4)
  A wyvern skeleton (D:5)
  A centaur zombie (D:5)
  2 hounds
  A jelly (D:5)
  3 orc priests (D:5)
  A bullfrog skeleton (D:5)
  7 adders
  2 adder skeletons
  3 worms
  4 orcs
  6 bats
  4 endoplasms
  3 giant cockroaches
  7 goblins
  7 hobgoblins
  5 kobolds
  2 quokkas (D:1)
  3 ball pythons
  4 frilled lizards
  7 rats
79 creatures vanquished.

Notes
Turn   | Place    | Note
-------+----------+-------------------------------------------
     0 | D:1      | zeram the Spriggan Conjurer began the quest for the Orb.
     0 | D:1      | Reached XP level 1. HP: 9/9 MP: 5/5
   525 | D:1      | Reached XP level 2. HP: 7/13 MP: 2/6
   585 | D:1      | Reached skill level 3 in Dodging
  1154 | D:1      | Learned a level 2 spell: Searing Ray
  2506 | D:2      | Reached XP level 3. HP: 15/16 MP: 4/8
  2679 | D:2      | Noticed Sigmund
  2688 | D:2      | Killed Sigmund
  2689 | D:2      | Reached skill level 5 in Dodging
  2689 | D:2      | Reached XP level 4. HP: 21/21 MP: 0/10
  2689 | D:2      | Reached XP level 5. HP: 24/24 MP: 0/11
  2913 | D:2      | Found a faded altar of an unknown god.
  3233 | D:3      | Noticed a sky beast
  3240 | D:3      | Killed a sky beast
  3241 | D:3      | Reached XP level 6. HP: 28/28 MP: 3/13
  3552 | D:3      | Learned a level 3 spell: Dazzling Flash
  3911 | D:3      | Reached skill level 6 in Dodging
  4548 | D:4      | Reached skill level 5 in Spellcasting
  4575 | D:4      | Found an opulent altar of Gozag.
  4585 | D:4      | Became a worshipper of Gozag Ym Sagoz the Greedy
  4587 | D:4      | Found a snail-covered altar of Cheibriados.
  4588 | D:4      | Found a hide-covered altar of Uskayaw.
  4590 | D:4      | Found a radiant altar of Vehumet.
  4591 | D:4      | Found a sparkling altar of Nemelex Xobeh.
  4899 | D:4      | Reached XP level 7. HP: 29/32 MP: 10/15
  5291 | D:5      | Entered Level 5 of the Dungeon
  5474 | D:5      | Reached skill level 7 in Dodging
  5727 | D:5      | Found a transporter.
  5785 | D:5      | Found a transporter.
  6217 | D:5      | Reached skill level 8 in Dodging
  6217 | D:5      | Reached skill level 5 in Conjurations
  6217 | D:5      | Reached XP level 8. HP: 31/36 MP: 2/18
  6225 | D:5      | Slain by a hornet zombie

Illustrated notes

Levels and vault maps discovered:
D:1:      tarquinn_simple_flora_water_c, layout_basic,
          chequers_serial_rivers_micro_a
D:2:      layout_basic, serial_curves, eino_curves_02, eino_curves_01,
          eino_curves_03, ebering_ecumenical_altar_rust,
          corexii_leaking_fountain, uniq_sigmund
D:3:      layout_basic
D:4:      layout_basic, minitemple
D:5:      gammafunk_wand_slinger, layout_basic, minmay_fractal_squares_5

Skill      XL: |  1  2  3  4  5  6  7 |
---------------+----------------------+-----
Conjurations   | 3 4 5 |  5.0
Dodging        | 3 5 6 8 |  8.0
Spellcasting   | 3 4 5 6 |  6.5
Short Blades   | |  0.3
Stealth        | |  3.0

Action                   |  1- 3 |  4- 6 |  7- 9 || total
-------------------------+-------+-------+-------++-------
Melee: Dagger            |    48 |    32 |    16 ||    96
       Unarmed           |    23 |       |       ||    23
 Cast: Magic Dart        |    46 |    21 |    17 ||    84
       Searing Ray       |     4 |    14 |    20 ||    38
  Use: Scroll            |     1 |     1 |     2 ||     4
 Stab: Sleeping          |     1 |     3 |     1 ||     5
Armor: Robe              |    21 |     1 |     7 ||    29
Dodge: Dodged            |    88 |    41 |    36 ||   165
